 Dungeon Crawl Stone Soup version 0.30.0-29-ga12c61a403 (webtiles) character file.

Game seed: 5900774126055228444

73 qw the Chopper (level 4, -1/28 HPs)
             Began as a Gargoyle Fighter on June 4, 2023.
             Slain by an orc
             ... wielding a +0 trident
              (2 damage)
             ... on level 2 of the Dungeon.
             The game lasted 00:00:43 (1187 turns).

qw the Chopper (Gargoyle Fighter)                   Turns: 1187, Time: 00:00:44

Health: -1/28      AC: 10    Str: 22    XL:     4   Next: 27%
Magic:  4/4        EV:  9    Int:  8    God:
Gold:   63         SH:  0    Dex:  9    Spells: 3/3 levels left

rFire   . . .        Y - +0 war axe
rCold   . . .        c - +0 buckler
rNeg    + . .        b - +0 scale mail
rPois   inf          (no helmet)
rElec   +            (no cloak)
rCorr   .            (no gloves)
SInv    .            (no boots)
Will    .....        (no amulet) Stlth
                     (no ring)
HPRegen 0.24/turn    (no ring)
MPRegen 0.09/turn

%: no passive effects
@: confused
A: sickness immunity, AC +3, negative energy resistance 1, electricity
resistance, torment resistance 1, petrification resistance
a: no special abilities


You were on level 2 of the Dungeon.
You visited 1 branch of the dungeon, and saw 2 of its levels.

You collected 63 gold pieces.


Innate Abilities, Weirdness & Mutations

You are immune to sickness and miasma.
Your stone body is resilient. (AC +3)
You are immune to poison.
You resist negative energy. (rN+)
You are resistant to electric shocks. (rElec)
You are resistant to unholy torment.
You are immune to petrification.


   Skills:
 - Level 3.2 Fighting
 + Level 4.0 Axes
 - Level 3.2 Armour
 - Level 3.2 Shields


You had 3 spell levels left.
You didn't know any spells.
Your spell library was empty.

Inventory:

Hand Weapons
 k - a +0 whip
 Y - a +0 war axe (weapon)
Armour
 b - a +0 scale mail (worn)
 c - a +0 buckler (worn)
Jewellery
 a - a ring of wizardry
Scrolls
 e - a scroll of summoning {unknown}
 i - a scroll of enchant armour
Potions
 d - a potion of might
 g - a potion of haste {unknown}
 j - a potion of curing {unknown}

Dungeon Overview and Level Annotations

Branches:
Dungeon (2/15)

Altars:

Annotations:
D:2 Sigmund


Message History

The gnoll is almost dead.
The gnoll hits you with a +0 halberd! The gnoll hits you but does no damage.
The gnoll barely misses you. You block the gnoll's attack.
You hit the gnoll.
You kill the gnoll!
The gnoll hits you from afar with a +0 spear.
Your Axes skill increases to level 4!
The gnoll hits you with a +0 spear.
Things that are here:
a +0 halberd; a +0 leather armour; a gnoll corpse
1184 ||| READING scroll of teleportation.
As you read the scroll of teleportation, it crumbles to dust.
You feel strangely unstable. The gnoll hits you but does no damage.
You slash the gnoll!
The gnoll is almost dead.
The gnoll closely misses you.
You barely miss the gnoll.
The gnoll is almost dead.
Your surroundings suddenly seem different.
Sigmund, a hobgoblin, 4 orcs and an orc priest come into view.
An orc is wielding a +0 mace and quivering silver boomerangs.
Found a scroll labelled GALIPISKAU.
Sigmund shouts!
The hobgoblin shouts!
The orc shouts! x4
The orc priest shouts!
An adder comes into view.
The hobgoblin throws a stone.
The stone hits you but does no damage. Sigmund casts a spell at you.
You are confused.
The hobgoblin throws a stone.
The stone hits you.
The orc priest looks braver for a moment.
The orc hits you but does no damage.
Enter note:
Enter note: The adder hisses angrily.
Sigmund gestures at you while chanting. You resist with some effort.
An endoplasm comes into view.
The orc hits you from afar with a +0 trident.
You die...

.##
#.###.#...##
##.?....@...
#.......... #
..........###.#
....o.........#
.....oo......##
#.....o........
..S..o.@..#
...##.#.#...# #
#.# #...# #g#
.## #.# #.# #.#
#J#


You could see Sigmund, an orc priest, an adder, 4 orcs, an endoplasm and a
hobgoblin.

Vanquished Creatures
  2 gnolls
  An adder (D:2)
  2 worms (D:2)
  A dart slug (D:1)
  7 ball pythons
  3 endoplasms
  2 giant cockroaches
  3 goblins
  3 quokkas
  A bat (D:1)
  A frilled lizard (D:1)
  7 kobolds
  3 rats
36 creatures vanquished.

Notes
Turn   | Place    | Note
-------+----------+-------------------------------------------
     0 | D:1      | qw the Gargoyle Fighter began the quest for the Orb.
     0 | D:1      | Reached XP level 1. HP: 14/14 MP: 1/1
     0 | D:1      | 0 ||| qw: Version: 0.2-a-107-g4668610
     0 | D:1      | 0 ||| qw: Game counter: 1192
     0 | D:1      | 0 ||| qw: Always use a shield: true
     0 | D:1      | 0 ||| qw: God list: Okawaru
     0 | D:1      | 0 ||| qw: Allow faded altars: false
     0 | D:1      | 0 ||| qw: Do Orc after D:15 true
     0 | D:1      | 0 ||| qw: Do second Lair branch before Depths: true
     0 | D:1      | 0 ||| qw: Lair rune preference: random
     0 | D:1      | 0 ||| qw: Plans: Normal, Zot:1-4, Slime:5, God:TSO, Crypt,
                  | Tomb, Abyss, Pan, Hells, Win
     0 | D:1      | 0 ||| PLANNING D:1-11
    50 | D:1      | Reached skill level 2 in Axes
   172 | D:1      | Reached XP level 2. HP: 19/19 MP: 2/2
   323 | D:1      | Reached skill level 3 in Axes
   323 | D:1      | Reached XP level 3. HP: 20/23 MP: 3/3
   336 | D:1      | 336 ||| DROPPING +0 club.
   743 | D:1      | 743 ||| DROPPING ring of flight.
   744 | D:1      | 744 ||| READING scroll labelled IBBALE RAHATI.
   745 | D:1      | 745 ||| READING scroll labelled IROTRUBL GIAF.
   750 | D:1      | 750 ||| READING 2 scrolls labelled XIRCHOECOFIW.
   751 | D:1      | 751 ||| READING scroll labelled PIMAR MYROBBOIMU.
   752 | D:1      | 752 ||| DRINKING 2 smoky grey potions.
   753 | D:1      | 753 ||| DROPPING potion of brilliance.
   854 | D:2      | 854 ||| Stepping ~*~*~tactically~*~*~ (stealth).
   938 | D:2      | Reached XP level 4. HP: 28/28 MP: 4/4
  1173 | D:2      | 1173 ||| Stepping ~*~*~tactically~*~*~ (hiding).
  1183 | D:2      | Reached skill level 4 in Axes
  1183 | D:2      | HP: 4/28 [gnoll/+0 spear (5)]
  1184 | D:2      | 1184 ||| READING scroll of teleportation.
  1186 | D:2      | Noticed Sigmund
  1186 | D:2      | HP: 1/28 [hobgoblin/stone (4)]
  1187 | D:2      | Slain by an orc

Levels and vault maps discovered:
D:1:      zaba_arrival_water, layout_loops_ring
D:2:      layout_loops_ring, uniq_sigmund

Skill      XL: |  1  2  3  4 |
---------------+-------------+-----
Axes           | 2 3 4 |  4.0
Fighting       | |  3.2
Armour         | |  3.2
Shields        | |  3.2

Action                     |  1- 3 |  4- 6 || total
---------------------------+-------+-------++-------
  Melee: War axe           |   110 |    23 ||   133
    Use: Scroll            |     4 |     1 ||     5
         Potion            |     1 |       ||     1
 Armour: Scale mail        |    57 |     7 ||    64
  Dodge: Dodged            |    40 |    13 ||    53
  Block: Buckler           |    23 |     3 ||    26

Table legend:
 A = Non-vault XP
 B = Vault XP
 C = Vault XP percentage of total XP
 D = Non-vault monster count
 E = Vault monster count
 F = Vault count percentage of total count
                 A         B        C        D         E       F
            +---------+---------+-------+---------+---------+-------
      Total |     105 |       0 |   0.0 |      36 |       0 |   0.0
            +---------+---------+-------+---------+---------+-------
        D:1 |      57 |       0 |   0.0 |      25 |       0 |   0.0
        D:2 |      48 |       0 |   0.0 |      11 |       0 |   0.0
            +---------+---------+-------+---------+---------+-------
